 Dungeon Crawl Stone Soup version 0.18-b1-23-gf76aad1 (webtiles) character file.

460144 Gingerlord the Warrior (level 24, -4/164 HPs)
             Began as a Gargoyle Berserker on May 3, 2016.
             Was the Champion of Trog.
             Slain by a white very ugly thing (41 damage)
             ... on level 2 of the Depths on May 4, 2016.
             The game lasted 02:31:30 (56099 turns).

Gingerlord the Warrior (Gargoyle Berserker)        Turns: 56099, Time: 02:31:30

Health: -4/164     AC: 62    Str: 26    XL:     24   Next: 14%
Magic:  29/29      EV: 24    Int: 10    God:    Trog [******]
Gold:   2382       SH: 14    Dex: 19    Spells: 0 memorised, 23 levels left

rFire  . . .     SeeInvis .     q - +9 eveningstar (venom)
rCold  . . .     Gourm    +     j - +27 Lear's hauberk
rNeg   + + .     Faith    .     x - +0 shield
rPois  ∞         Spirit   .     (helmet currently unavailable)
rElec  +         Dismiss  .     d - +1 cloak
rCorr  .         Reflect  .     (gloves currently unavailable)
SustAt .         Harm     .     (boots currently unavailable)
MR     ++++.                    L - amulet of the gourmand
Stlth  ..........               Z - ring "Teadecw" {+Fly rN+ EV+4}
                                I - ring "Iryhymao" {+Fly rElec MR+++ Str+3 Stlth-}

@: incredibly resistant to hostile enchantments, extremely unstealthy
A: big wings, thin skeletal structure 1, negative energy resistance 1,
electricity resistance, unbreathing, petrification resistance, rot immunity, AC
+17
a: Fly, Berserk, Trog's Hand, Brothers in Arms, Burn Spellbooks, Renounce
Religion, Evoke Flight
}: 3/15 runes: decaying, silver, gossamer


You were on level 2 of the Depths.
You worshipped Trog.
Trog was exalted by your worship.
You were not hungry.

You visited 9 branches of the dungeon, and saw 49 of its levels.
You also visited: Labyrinth and Ice Cave.

You collected 6959 gold pieces.
You spent 4577 gold pieces at shops.

Inventory:

Hand Weapons
 i - the +7 war axe "Himnuuph" {chop, rF+ MR- Str+10}
   (Trog gifted it to you on level 3 of the Pits of Slime)

   It inflicts extra damage upon your enemies.
   It affects your strength (+10).
   It protects you from fire.
   It affects your resistance to hostile enchantments.
 p - the +6 morningstar of Sudden Death {crush, MP+9 Str+2 Dex+4 Stlth+}
   (You bought it in a shop on level 5 of the Vaults)

   It inflicts extra damage upon your enemies.
   It affects your strength (+2).
   It affects your dexterity (+4).
   It affects your magic capacity (+9).
   It makes you more stealthy.
 q - a +9 eveningstar of venom (weapon)
 Y - the +7 greatsling "Punk" {freeze, rC+}
   (You found it on level 3 of the Elven Halls)

   It causes projectiles fired from it to freeze those they strike, causing
   extra injury to most foes and up to half again as much damage against
   particularly susceptible opponents.
   They can also slow down cold-blooded creatures.
   It protects you from cold.
Missiles
 b - 261 sling bullets
Armour
 d - a +1 cloak (worn)
 j - the +27 Lear's hauberk (worn)
   (You found it on level 2 of the Spider Nest)
 x - a +0 shield (worn)
 G - the +9 plate armour of Jigsaw {MR+}
   (You bought it in a shop on level 2 of the Orcish Mines)

   It affects your resistance to hostile enchantments.
Jewellery
 a - an uncursed ring of protection from fire
 k - an uncursed amulet of harm {unknown}
 o - the ring of Alyc {MR+ Str+4 Dex+2}
   (You found it on level 9 of the Dungeon)

   [ring of dexterity]

   It affects your strength (+4).
   It affects your dexterity (+2).
   It affects your resistance to hostile enchantments.
 z - an uncursed ring of resist corrosion
 A - an uncursed ring of sustain attributes
 I - the ring "Iryhymao" (left hand) {+Fly rElec MR+++ Str+3 Stlth-}
   (You found it on level 13 of the Dungeon)

   [ring of strength]

   It affects your strength (+3).
   It insulates you from electricity.
   It affects your resistance to hostile enchantments.
   It lets you fly.
   It makes you less stealthy.
 L - an amulet of the gourmand (around neck)
 U - an uncursed ring of positive energy
 Z - the ring "Teadecw" (right hand) {+Fly rN+ EV+4}
   (You took it off a deep elf death mage on level 3 of the Elven Halls)

   [ring of evasion]

   It affects your evasion (+4).
   It protects you from negative energy.
   It lets you fly.
Wands
 u - a wand of teleportation (9/9)
 K - a wand of teleportation (4/9)
Scrolls
 f - 6 scrolls of fear
 h - 11 scrolls of enchant armour
 m - 14 scrolls of teleportation
 s - a scroll of enchant weapon
 t - 6 scrolls of identify
 v - 11 scrolls of magic mapping
 y - 3 scrolls of summoning
 C - 11 scrolls of remove curse
 H - 3 scrolls of holy word
 N - 4 scrolls of recharging
 V - 6 scrolls of fog
Potions
 e - a potion of brilliance
 g - 2 potions of flight
 l - 7 potions of curing
 n - a potion of heal wounds
 r - a potion of beneficial mutation
 w - 2 potions of might
 E - 3 potions of resistance
 F - 9 potions of haste
 S - 4 potions of agility
 X - a potion of magic
Miscellaneous
 P - a fan of gales
 Q - a legendary deck of changes {the Alchemist}
Comestibles
 c - 25 bread rations
 B - a beef jerky
 D - 16 fruits
 J - 11 royal jellies
 R - 13 meat rations


   Skills:
 + Level 20.6 Fighting
   Level 6.1 Long Blades
 - Level 14.6(16.7) Axes
 - Level 15.3(17.8) Maces & Flails
 - Level 10.0 Slings
 + Level 20.4 Armour
 + Level 15.3 Dodging
 - Level 11.9 Shields
 * Level 8.1 Evocations


You had 23 spell levels left.
You didn't know any spells.

Dungeon Overview and Level Annotations

Branches:
Dungeon (15/15)            Temple (0/1) D:6            Lair (8/8) D:10
  Swamp (4/4) Lair:3       Spider (4/4) Lair:5        Slime (6/6) Lair:8
    Orc (2/2) D:12            Elf (3/3) Orc:2        Vaults (5/5) D:13
  Crypt (0/3) Vaults:3     Depths (2/5) D:15

Altars:
Cheibriados
Dithmenos
Fedhas
Kikubaaqudgha
Makhleb
Nemelex Xobeh
Okawaru
Pakellas
Ru
Sif Muna
Vehumet
Beogh
Jiyva

Shops:
D:6 *(?(   D:13 !   Orc:1 :%   Orc:2 ??:[   Vaults:1 *   Vaults:2 [
Vaults:5 [([![%%?

Portals:
Hell: Depths:1 Depths:2
Pandemonium: Depths:2

Annotations:
D:9 exclusion: orange crystal statue
Slime:6 Royal Jelly


Innate Abilities, Weirdness & Mutations

You are resistant to torment.
Your stone body is resilient (AC +17).
You are immune to poison.
Your large and strong wings let you fly indefinitely.
You resist negative energy.
You are resistant to electric shocks.
You can survive without breathing.
You are immune to petrification.
You are immune to rotting.
You have a somewhat thin skeletal structure (Dex +2, Stealth).


Message History

You are too injured to fight recklessly!
You are too injured to fight recklessly!
You are too injured to fight recklessly!
Unknown command.
Read which item? (? for menu, Esc to quit)
Okay, then.
Drink which item? (? for menu, Esc to quit)
You feel much better.
The white very ugly thing completely misses you.
The red very ugly thing punches you but does no damage.
The white very ugly thing barely misses you.
Your hill giant goes berserk!
You feel somewhat more hungry.
You block the green very ugly thing's attack.
The red very ugly thing punches you!
* * * LOW HITPOINT WARNING * * *
The white very ugly thing tail-slaps you!
* * * LOW HITPOINT WARNING * * *
The white very ugly thing freezes you!!!
You die...

#...#..≈≈≈........
#...#..≈≈..)).....
#u).#..≈..........
######.).#.............
..........#.............
$.......R.#..#......#...
..........#.........#...
..######u##.......##.[..
. #....@u.........###...
#....uu.........#.....
#..C............#.....
###......≈...≈≈.......
##..≈≈≈≈.≈≈≈≈≈≈......#
##..≈≈≈≈..≈≈≈≈≈≈.......
#..≈≈≈≈..≈≈≈≈........≈.
##..≈≈≈.≈≈.........≈≈≈≈
#....≈.≈≈..........≈≈≈


You could see 4 very ugly things, a rakshasa and a friendly hill giant
(berserk).

Vanquished Creatures
  An ancient lich (Vaults:4)
  Boris (Vaults:2)
  Frederick (Vaults:3)
  Arachne (Spider:3)
  A lich (Vaults:5)
  Rupert (Lair:4)
  4 tentacled monstrosities (Vaults:5)
  3 titans
  8 acid blobs
  A quicksilver dragon (Vaults:5)
  2 deep elf blademasters
  5 sphinxes
  5 tengu reavers
  4 shadow dragons
  Kirke (Swamp:1)
  3 storm dragons (Vaults:5)
  A thorn hunter (Swamp:2)
  4 azure jellies
  An iron dragon (Vaults:4)
  3 fire giants
  4 deep elf sorcerers (Elf:3)
  4 frost giants
  6 ghost moths
  Donald (Swamp:1)
  4 deep elf elementalists
  13 vault wardens
  3 emperor scorpions (Spider:4)
  4 very ugly things
  4 war gargoyles (Vaults:5)
  14 ironheart preservers
  A salamander stormcaller (Vaults:5)
  13 stone giants
  7 deep elf demonologists
  Nessos (D:12)
  A spark wasp (Spider:2)
  The ghost of tollymain the Earth Mage, a journeyman DDEE of Ru (Lair:6)
  6 deep elf annihilators
  Azrael (D:15)
  12 ettins
  6 deep elf death magi
  35 vault guards
  3 death oozes
  A minotaur (Lab)
  A merfolk javelineer (Depths:2)
  3 jiangshi (Depths:1)
  A merfolk impaler (Depths:2)
  2 green deaths (Swamp:4)
  6 fire dragons
  A crystal guardian (Vaults:4)
  6 yaktaur captains
  3 deep elf high priests
  14 hydras
  Fannar (D:10)
  Harold (D:12)
  A rakshasa (Depths:2)
  5 great orbs of eyes
  2 hell beasts
  Erolcha (D:9)
  2 ice dragons
  A catoblepas (shapeshifter) (Depths:1)
  2 death knights (Vaults:4)
  4 alligators
  11 ogre magi
  3 centaur warriors
  5 deep troll shamans
  21 dancing weapons
  5 orc high priests
  A queen ant (shapeshifter) (Vaults:5)
  5 death yaks (Lair:7)
  A hell hog (shapeshifter) (Vaults:4)
  3 tengu warriors
  A vampire mage (Depths:1)
  7 deep troll earth magi
  28 deep elf knights
  2 thrashing horrors (Swamp:4)
  A sun demon (Depths:2)
  Nergalle (Lair:4)
  2 shadow wraiths
  5 skeletal warriors
  An iron troll (Depths:1)
  2 shadow demons (Elf:2)
  A hell knight (Depths:1)
  23 deep trolls
  2 giant orange brains
  2 unseen horrors (D:15)
  19 ironbrand convokers
  7 swamp dragons
  7 hill giants
  15 deep elf archers
  A shambling mangrove (Lair:3)
  5 flayed ghosts
  4 harpies
  44 ugly things
  11 orb spiders
  A wizard (D:14)
  A tengu skeleton (Vaults:1)
  19 wolf spiders
  2 necromancers
  7 orc knights
  A fire giant zombie (Vaults:3)
  A cyclops (D:15)
  9 hornets
  8 griffons
  12 orc sorcerers
  5 shining eyes
  A fire giant skeleton (Vaults:3)
  6 elephants (Lair:8)
  54 deep elf magi
  A guardian serpent (shapeshifter) (Depths:2)
  A moth of wrath (Spider:3)
  A manticore (D:14)
  12 vault sentinels
  2 human skeletons
  An ice statue (IceCv)
  5 black mambas
  A black mamba (shapeshifter) (Vaults:3)
  A rust devil (Depths:2)
  A storm dragon simulacrum (Depths:2)
  3 orange demons (Swamp:4)
  A stone giant skeleton (Vaults:3)
  2 torpor snails
  26 spiny frogs
  6 freezing wraiths
  An eye of devastation (Slime:3)
  7 rime drakes
  7 kobold demonologists
  12 komodo dragons
  9 demonic crawlers
  26 yaktaurs
  4 tengu conjurers
  A queen bee (Lair:2)
  26 jumping spiders
  15 polar bears
  4 trolls
  19 two-headed ogres
  6 giant leeches
  A blink frog (shapeshifter) (D:15)
  26 blink frogs
  Grinder (D:6)
  12 bog bodies
  48 slime creatures
  2 boulder beetles
  68 redbacks
  7 spriggans
  45 yaks
  2 shadows
  32 tarantellas
  4 wraiths
  6 water elementals
  4 wyverns
  A hog (shapeshifter) (D:15)
  2 air elementals
  5 hungry ghosts
  A hog (Swamp:1)
  8 fire elementals
  5 hippogriffs
  25 vampire mosquitoes
  A human simulacrum (Vaults:2)
  22 swamp worms
  Edmund (D:4)
  2 human zombies
  3 mottled dragons
  5 insubstantial wisps (Swamp:1)
  3 wargs
  18 water moccasins
  A hell hound (shapeshifter) (Depths:1)
  2 hell hounds (D:15)
  21 porcupines
  6 sky beasts
  6 swamp drakes
  2 ice beasts
  2 large abominations (Swamp:4)
  6 eyes of draining
  34 orc warriors
  2 black bears
  9 wasps
  2 necrophages
  40 ogres
  4 phantoms
  13 wolves
  15 boggarts
  17 centaurs
  A crocodile (shapeshifter) (Depths:2)
  17 crocodiles
  6 big kobolds
  The ghost of ricardofg the Gusty, an amateur VSAE (D:3)
  36 giant frogs
  A glowing shapeshifter simulacrum (Vaults:1)
  An earth elemental (Elf:1)
  2 wyvern skeletons
  9 scorpions
  46 killer bees
  4 wights (D:7)
  11 howler monkeys
  6 electric eels
  8 crimson imps
  A giant frog zombie (D:5)
  9 hounds
  44 orc wizards
  4 centaur zombies
  A gnoll shaman (D:5)
  26 orc priests
  19 jellies
  6 centaur skeletons
  4 giant frog skeletons
  17 iguanas
  Terence (D:4)
  10 worker ants
  A killer bee zombie (D:10)
  41 sheep
  A hound zombie (D:9)
  4 hound skeletons
  A worker ant zombie (D:9)
  17 adders
  7 gnolls
  53 river rats
  4 shadow imps
  13 white imps
  3 oozes
  An adder zombie (D:5)
  2 adder skeletons
  17 worms
  A dart slug (D:3)
  8 giant geckos
  95 orcs
  4 giant cockroaches
  8 goblins
  13 hobgoblins
  9 jackals
  22 kobolds
  8 quokkas
  2 ball pythons
  4 bats
  A giant gecko zombie (D:8)
  3 giant newts
  6 rats
  2 crawling corpses (Elf:3)
  A fungus (Lair:6)
  2 plants (Lair:3)
2014 creatures vanquished.

Vanquished Creatures (collateral kills)
  A titan (Vaults:5)
  An acid blob (Slime:6)
  A sphinx (Vaults:5)
  Roxanne (D:14)
  3 vault wardens (Vaults:5)
  3 emperor scorpions (Spider:4)
  A deep elf sorcerer (Vaults:5)
  2 stone giants (Vaults:5)
  2 deep elf annihilators (Elf:3)
  A deep elf high priest (Elf:3)
  A death ooze (Slime:5)
  A rakshasa (Vaults:1)
  2 dancing weapons (Elf:2)
  4 deep elf magi
  A shining eye (shapeshifter) (Vaults:5)
  2 wolf spiders (Spider:4)
  6 slime creatures (Slime:5)
  A tarantella (Spider:4)
  A sky beast (D:14)
  A jelly (Slime:5)
36 creatures vanquished.

Vanquished Creatures (others)
  An ancient lich (Vaults:5)
  A tengu reaver (Vaults:5)
  A deep elf elementalist (Elf:3)
  A salamander stormcaller (Vaults:5)
  An ogre mage (Vaults:4)
  4 deep elf knights
  2 deep elf magi
  An orange demon (Swamp:4)
  A jumping spider (Spider:3)
  2 redbacks (Spider:4)
  A giant eyeball (shapeshifter) (Depths:2)
  2 ogres
  A jelly (Slime:3)
  An orc wizard (D:14)
  2 orcs
  A kobold (D:14)
  A bush (Lair:8)
  20 fungi
  16 plants
60 creatures vanquished.

Grand Total: 2110 creatures vanquished

Notes
Turn   | Place    | Note
--------------------------------------------------------------
     0 | D:1      | Gingerlord the Gargoyle Berserker began the quest for the Orb.
     0 | D:1      | Reached XP level 1. HP: 14/14 MP: 1/1
   207 | D:1      | Reached XP level 2. HP: 10/19 MP: 2/2
   671 | D:2      | Noticed Terence
   729 | D:2      | Reached ** piety under Trog
   776 | D:2      | Reached XP level 3. HP: 19/23 MP: 3/3
  1043 | D:2      | HP: 1/24 [worm (9)]
  1162 | D:2      | Reached XP level 4. HP: 12/29 MP: 4/4
  1961 | D:3      | Reached XP level 5. HP: 17/33 MP: 5/5
  2187 | D:3      | Reached *** piety under Trog
  2298 | D:3      | Noticed ricardofg's ghost (amateur VSAE)
  2321 | D:3      | Killed ricardofg's ghost
  2321 | D:3      | Reached XP level 6. HP: 39/39 MP: 6/6
  2511 | D:3      | Found a burning altar of Makhleb.
  2517 | D:3      | Found a sparkling altar of Nemelex Xobeh.
  2704 | D:4      | Noticed Edmund
  2722 | D:4      | Killed Edmund
  2788 | D:4      | Reached XP level 7. HP: 37/44 MP: 7/7
  2872 | D:4      | Reached skill level 5 in Fighting
  2905 | D:4      | Reached **** piety under Trog
  3001 | D:4      | Reached skill level 5 in Maces & Flails
  3234 | D:4      | Killed Terence
  3415 | D:4      | Reached skill level 5 in Armour
  3428 | D:4      | Found a sacrificial altar of Ru.
  3666 | D:5      | Entered Level 5 of the Dungeon
  3670 | D:5      | Reached XP level 8. HP: 51/51 MP: 8/8
  4596 | D:6      | Found Qamiassaz's Assorted Antiques.
  4603 | D:6      | Bought a shield for 99 gold pieces
  4625 | D:6      | Found Cosoetui's Weapon Shoppe.
  4633 | D:6      | Reached XP level 9. HP: 57/57 MP: 9/9
  4672 | D:6      | Reached ***** piety under Trog
  4748 | D:6      | Found Qositwo's Magic Scroll Shoppe.
  4765 | D:6      | Reached skill level 5 in Dodging
  4770 | D:6      | Bought a scroll of magic mapping for 42 gold pieces
  4802 | D:6      | Reached skill level 1 in Shields
  4836 | D:6      | Noticed Grinder
  4842 | D:6      | Killed Grinder
  4900 | D:6      | Found a staircase to the Ecumenical Temple.
  5124 | D:6      | Found Ronobb's Antique Weapon Emporium.
  5736 | D:7      | Received a gift from Trog
  5950 | D:7      | Reached XP level 10. HP: 64/64 MP: 10/10
  6750 | D:8      | Upgraded the game from 0.18-b1-22-ge198996 to 0.18-b1-23-gf76aad1
  6982 | D:9      | Noticed an orange crystal statue
  7059 | D:9      | Got a fine glass ring
  7435 | D:8      | Identified the ring of Alyc {MR+ Str+4 Dex+2} (You found it on level 9 of the Dungeon)
  7776 | D:9      | Reached skill level 5 in Shields
  8056 | D:9      | Found a blossoming altar of Fedhas.
  8304 | D:9      | Reached XP level 11. HP: 59/71 MP: 11/11
  8313 | D:9      | Found an iron altar of Okawaru.
  8374 | D:9      | Noticed Erolcha
  8397 | D:9      | Killed Erolcha
  8781 | D:10     | Entered Level 10 of the Dungeon
  9023 | D:10     | Noticed Fannar
  9042 | D:10     | Killed Fannar
  9042 | D:10     | Reached skill level 10 in Fighting
  9713 | D:10     | Found a staircase to the Lair.
  9785 | D:10     | Received a gift from Trog
  9893 | Lair:1   | Entered Level 1 of the Lair of Beasts
 10808 | Lair:1   | Reached skill level 10 in Armour
 10828 | Lair:1   | Reached XP level 12. HP: 52/78 MP: 12/12
 10996 | Lair:1   | Got a brightly glowing halberd
 11002 | Lair:1   | Identified the +4 halberd of Iplar {flame, rN+} (You found it on level 1 of the Lair of Beasts)
 11955 | Lair:2   | Reached ****** piety under Trog
 11965 | Lair:2   | Received a gift from Trog
 12227 | Lair:2   | Reached skill level 1 in Axes
 12910 | Lair:3   | Found a staircase to the Swamp.
 13801 | Lair:4   | Noticed Rupert
 13821 | Lair:4   | Killed Rupert
 13821 | Lair:4   | Reached XP level 13. HP: 14/84 MP: 13/13
 14397 | Lair:4   | Received a gift from Trog
 14477 | Lair:4   | Noticed Nergalle
 14491 | Lair:4   | Killed Nergalle
 14765 | Lair:5   | Found a hole to the Spider Nest.
 14867 | Lair:5   | Found a snail-covered altar of Cheibriados.
 15692 | Lair:6   | Received a gift from Trog
 15727 | Lair:6   | Noticed tollymain's ghost (journeyman DDEE)
 15740 | Lair:6   | Found a labyrinth entrance.
 15753 | Lair:6   | Killed tollymain's ghost
 15770 | Lab      | Entered a labyrinth
 16221 | Lab      | Noticed a minotaur
 16232 | Lab      | Killed a minotaur
 16611 | Lair:6   | Got a bloodstained mace
 16612 | Lair:6   | Identified the +10 mace "Qoyfila" {crush, rElec MP+9 Int+4 Dex+2} (You found it on level 6 of the Lair of Beasts)
 16815 | Lair:6   | Reached skill level 10 in Shields
 16853 | Lair:6   | Found a sparkling altar of Nemelex Xobeh.
 17397 | Lair:7   | Found an oddly glowing altar of Pakellas.
 17399 | Lair:7   | Found a frozen archway.
 17442 | Lair:7   | Received a gift from Trog
 17453 | Lair:7   | Got a faintly glowing mace {god gift}
 17454 | Lair:7   | Identified the +12 mace of Ischuhal {crush, rF+ rN+ Int-5 Dex+3} (Trog gifted it to you on level 7 of the Lair of Beasts)
 17587 | IceCv    | Entered an ice cave
 17749 | IceCv    | Reached skill level 10 in Maces & Flails
 17950 | IceCv    | Gained mutation: Your large and strong wings let you fly indefinitely. [Gargoyle growth]
 17950 | IceCv    | Reached XP level 14. HP: 90/92 MP: 14/14
 18838 | IceCv    | Noticed a frost giant
 18853 | IceCv    | Killed a frost giant
 19882 | Lair:8   | Entered Level 8 of the Lair of Beasts
 19940 | Lair:8   | Reached skill level 10 in Dodging
 20113 | Lair:8   | Received a gift from Trog
 20871 | Lair:8   | Found a staircase to the Slime Pits.
 20878 | Lair:8   | Found a viscous altar of Jiyva.
 21206 | Lair:8   | Received a gift from Trog
 21585 | D:11     | Reached XP level 15. HP: 98/99 MP: 15/15
 22519 | D:12     | Noticed Harold
 22540 | D:12     | Killed Harold
 22591 | D:12     | Noticed Nessos
 22636 | D:12     | Killed Nessos
 22771 | D:12     | Found a staircase to the Orcish Mines.
 22925 | D:12     | Found a shadowy altar of Dithmenos.
 23168 | Orc:1    | Entered Level 1 of the Orcish Mines
 23252 | Orc:1    | Found Wuicziw's Book Emporium.
 23341 | Orc:1    | Found Popehex's Food Emporium.
 23351 | Orc:1    | Bought a bread ration for 50 gold pieces
 23351 | Orc:1    | Bought a meat ration for 50 gold pieces
 23351 | Orc:1    | Bought a royal jelly for 20 gold pieces
 23351 | Orc:1    | Bought a meat ration for 50 gold pieces
 23351 | Orc:1    | Bought a meat ration for 50 gold pieces
 23351 | Orc:1    | Bought a meat ration for 50 gold pieces
 23351 | Orc:1    | Bought a royal jelly for 20 gold pieces
 23455 | Orc:2    | Entered Level 2 of the Orcish Mines
 23547 | Orc:2    | Received a gift from Trog
 23955 | Orc:2    | Found Kuutoiff's Magic Scroll Emporium.
 23963 | Orc:2    | Bought a scroll of magic mapping for 35 gold pieces
 23963 | Orc:2    | Bought a scroll of enchant armour for 75 gold pieces
 23963 | Orc:2    | Bought a scroll of teleportation for 30 gold pieces
 23963 | Orc:2    | Bought a scroll of identify for 20 gold pieces
 23963 | Orc:2    | Bought a scroll of identify for 20 gold pieces
 23976 | Orc:2    | Found a radiant altar of Vehumet.
 23997 | Orc:2    | Found Leud's Book Emporium.
 24026 | Orc:2    | Found an ancient bone altar of Kikubaaqudgha.
 24033 | Orc:2    | Received a gift from Trog
 24063 | Orc:2    | Found a roughly hewn altar of Beogh.
 24063 | Orc:2    | Found Xaolaxul's Antique Armour Emporium.
 24084 | Orc:2    | Found Iteep's Magic Scroll Shoppe.
 24087 | Orc:2    | Bought a twisted plate armour for 840 gold pieces
 24097 | Orc:2    | Identified the +9 plate armour of Jigsaw {MR+} (You bought it in a shop on level 2 of the Orcish Mines)
 24107 | Orc:2    | Bought a scroll of enchant armour for 135 gold pieces
 24107 | Orc:2    | Bought a scroll of magic mapping for 63 gold pieces
 24107 | Orc:2    | Bought a scroll of blinking for 135 gold pieces
 24333 | Orc:2    | Found a staircase to the Elven Halls.
 24643 | Orc:2    | Found a roughly hewn altar of Beogh.
 24654 | Orc:2    | Reached skill level 1 in Long Blades
 25128 | D:13     | Found a gate to the Vaults.
 25547 | D:13     | Got a vibrating pewter ring
 25558 | D:13     | Identified the ring "Iryhymao" {+Fly rElec MR+++ Str+3 Stlth-} (You found it on level 13 of the Dungeon)
 25567 | D:13     | Received a gift from Trog
 25596 | D:13     | Found Qeitymis's Distillery.
 25604 | D:13     | Bought a potion of curing for 42 gold pieces
 25604 | D:13     | Bought a potion of heal wounds for 70 gold pieces
 25604 | D:13     | Bought a potion of agility for 56 gold pieces
 25612 | D:13     | Gained mutation: You are agile. (Dex +2) [potion of beneficial mutation]
 25613 | D:13     | Gained mutation: Your spells are a little harder to cast, but a little more powerful. [potion of beneficial mutation]
 25614 | D:13     | Gained mutation: Your flesh is heat resistant. [potion of beneficial mutation]
 25785 | D:14     | Noticed Roxanne
 26079 | D:14     | Reached XP level 16. HP: 105/106 MP: 16/16
 26191 | D:14     | Reached skill level 5 in Long Blades
 26541 | D:14     | Killed Roxanne
 26543 | D:14     | Identified Roxanne's Collected Works on Transmigration (You took it off Roxanne on level 14 of the Dungeon)
 26639 | D:15     | Entered Level 15 of the Dungeon
 26912 | D:15     | Found a staircase to the Depths.
 26963 | D:15     | Noticed Azrael
 26969 | D:15     | Killed Azrael
 26985 | D:15     | Received a gift from Trog
 28105 | Swamp:1  | Entered Level 1 of the Swamp
 28437 | Swamp:1  | Noticed Donald
 28459 | Swamp:1  | Killed Donald
 28940 | Swamp:1  | Noticed Kirke
 28952 | Swamp:1  | Killed Kirke
 29304 | Swamp:1  | Received a gift from Trog
 29403 | Swamp:2  | Noticed a thorn hunter
 29416 | Swamp:2  | Killed a thorn hunter
 29694 | Swamp:2  | Reached skill level 15 in Fighting
 30069 | Swamp:3  | Reached XP level 17. HP: 111/113 MP: 17/17
 30314 | Swamp:3  | Reached skill level 15 in Armour
 30648 | Swamp:4  | Entered Level 4 of the Swamp
 31663 | Swamp:4  | Received a gift from Trog
 31915 | Swamp:4  | Got a decaying rune of Zot
 32159 | Spider:1 | Entered Level 1 of the Spider Nest
 32686 | Spider:2 | Received a gift from Trog
 33613 | Spider:3 | Received a gift from Trog
 33689 | Spider:3 | Reached XP level 18. HP: 120/120 MP: 4/18
 33873 | Spider:3 | Noticed Arachne
 33895 | Spider:3 | Killed Arachne
 33946 | Spider:3 | Received a gift from Trog
 34039 | Spider:4 | Entered Level 4 of the Spider Nest
 35077 | Spider:4 | Received a gift from Trog
 35401 | Spider:4 | Got a gossamer rune of Zot
 35780 | Elf:1    | Entered Level 1 of the Elven Halls
 36571 | Elf:2    | Found a runed gate.
 36573 | Elf:2    | Found a runed gate.
 36573 | Elf:2    | Found a runed gate.
 36611 | Elf:2    | Received a gift from Trog
 36770 | Elf:2    | HP: 7/183 [short sword of speed (9)]
 37113 | Elf:2    | Noticed a deep elf blademaster
 37164 | Elf:2    | Killed a deep elf blademaster
 37164 | Elf:2    | Reached XP level 19. HP: 113/128 MP: 19/19
 37745 | Elf:2    | Found a deep blue altar of Sif Muna.
 37949 | Elf:2    | Noticed a Hell Sentinel
 38001 | Elf:3    | Entered Level 3 of the Elven Halls
 38226 | Elf:2    | Received a gift from Trog
 38552 | Elf:3    | Reached skill level 15 in Maces & Flails
 39272 | Elf:3    | Gained mutation: You occasionally shout uncontrollably at your foes. [a cacodemon]
 39273 | Elf:3    | Gained mutation: You expend magic power (3 MP) to strengthen your wands. [a cacodemon]
 39383 | Elf:3    | Got a bronze chain mail
 39384 | Elf:3    | Identified the +7 chain mail of Qazlal's Fury {Dex+3} (You found it on level 3 of the Elven Halls)
 39437 | Elf:3    | Got a scintillating iron ring
 39483 | Elf:3    | Identified the ring "Teadecw" {+Fly rN+ EV+4} (You took it off a deep elf death mage on level 3 of the Elven Halls)
 40090 | Slime:1  | Entered Level 1 of the Pits of Slime
 40113 | Slime:1  | Reached skill level 1 in Slings
 40122 | Slime:2  | Gained mutation: Armour fits poorly on your strangely shaped body. [a shining eye]
 40125 | Slime:2  | Gained mutation: You regenerate slowly when monsters are visible. [a shining eye]
 40125 | Slime:2  | Gained mutation: You tend to lose your temper in combat. [a shining eye]
 40128 | Slime:2  | Gained mutation: You often lose your temper in combat. [a shining eye]
 40139 | Slime:2  | Gained mutation: You have a somewhat thin skeletal structure (Dex +2, Stealth). [potion of beneficial mutation]
 40166 | Slime:3  | Received a gift from Trog
 40195 | Slime:3  | Got an encrusted war axe {god gift}
 40196 | Slime:3  | Identified the +7 war axe "Himnuuph" {chop, rF+ MR- Str+10} (Trog gifted it to you on level 3 of the Pits of Slime)
 40395 | Slime:4  | Reached skill level 5 in Axes
 40757 | Slime:5  | Reached XP level 20. HP: 79/136 MP: 9/20
 40961 | Slime:6  | Entered Level 6 of the Pits of Slime
 41067 | Slime:6  | Gained mutation: You have an uncontrollable temper. [a shining eye]
 41070 | Slime:6  | Gained mutation: You possess an exceptional clarity of mind. [a shining eye]
 41091 | Slime:6  | Found a viscous altar of Jiyva.
 41110 | Slime:6  | Noticed the Royal Jelly
 41605 | Slime:5  | HP: 5/136 [acid blob[the Royal Jelly] (17)]
 41605 | Slime:5  | HP: 2/136 [acid[the Royal Jelly] (3)]
 42284 | Vaults:1 | Entered Level 1 of the Vaults
 42668 | Vaults:1 | Reached skill level 5 in Slings
 42697 | Vaults:1 | Received a gift from Trog
 42934 | Vaults:1 | HP: 4/136 [rakshasa (illusionary)/orb of energy (10)]
 43380 | Vaults:1 | Lost mutation: You occasionally shout uncontrollably at your foes. [potion of cure mutation]
 43380 | Vaults:1 | Lost mutation: You expend magic power (3 MP) to strengthen your wands. [potion of cure mutation]
 43380 | Vaults:1 | Lost mutation: You are agile. (Dex +2) [potion of cure mutation]
 43647 | Vaults:1 | Found Zohumep's General Store.
 43654 | Vaults:1 | Bought a bread ration for 75 gold pieces
 43654 | Vaults:1 | Bought a potion of haste for 150 gold pieces
 43742 | Vaults:1 | Received a gift from Trog
 44954 | Vaults:2 | Received a gift from Trog
 45104 | Vaults:2 | Reached skill level 10 in Axes
 45211 | Vaults:2 | Noticed Boris
 45241 | Vaults:2 | HP: 4/137 [something/iron shot (33)]
 45242 | Vaults:2 | Killed Boris
 46381 | Vaults:2 | Found Berimew's Armour Boutique.
 46396 | Vaults:2 | Reached XP level 21. HP: 129/142 MP: 21/21
 46787 | Vaults:3 | Received a gift from Trog
 46941 | Vaults:3 | Received a gift from Trog
 47514 | Vaults:3 | Received a gift from Trog
 47606 | Vaults:3 | Noticed Frederick
 47622 | Vaults:3 | Killed Frederick
 47815 | Vaults:3 | Found a staircase to the Crypt.
 48275 | Vaults:4 | Received a gift from Trog
 48744 | Vaults:4 | Received a gift from Trog
 48793 | Vaults:4 | Received a gift from Trog
 49200 | Vaults:4 | Reached skill level 10 in Slings
 49200 | Vaults:4 | Reached XP level 22. HP: 136/149 MP: 22/22
 49704 | Vaults:4 | Received a gift from Trog
 50276 | Vaults:5 | Entered Level 5 of the Vaults
 50299 | Vaults:5 | Noticed an ancient lich
 50450 | Vaults:4 | Received a gift from Trog
 50710 | Vaults:4 | Killed an ancient lich
 51159 | Vaults:5 | Found Gafrez's Magic Scroll Shop.
 51162 | Vaults:5 | Received a gift from Trog
 51177 | Vaults:5 | Bought a scroll of brand weapon for 460 gold pieces
 51177 | Vaults:5 | Bought a scroll of magic mapping for 80 gold pieces
 51212 | Vaults:5 | Found Qetuud's Food Shoppe.
 51335 | Vaults:5 | Found Kifemiq's Food Shoppe.
 51805 | Vaults:5 | Reached XP level 23. HP: 138/156 MP: 23/23
 51922 | Vaults:5 | Reached skill level 1 in Evocations
 52429 | Vaults:5 | Found Ypeuw's Armour Boutique.
 52607 | Vaults:5 | Received a gift from Trog
 52663 | Vaults:5 | Received a gift from Trog
 52818 | Vaults:5 | Reached skill level 5 in Evocations
 52919 | Vaults:5 | Reached skill level 15 in Dodging
 53176 | Vaults:5 | Found Efyfido's Antique Armour Boutique.
 53227 | Vaults:5 | Found Hokkaicag's Antique Weapon Shop.
 53473 | Vaults:5 | Bought a warped morningstar for 342 gold pieces
 53473 | Vaults:5 | Identified the +6 morningstar of Sudden Death {crush, MP+9 Str+2 Dex+4 Stlth+} (You bought it in a shop on level 5 of the Vaults)
 53479 | Vaults:5 | Found Caal's Antique Armour Emporium.
 53513 | Vaults:5 | Found Mekkesak's Distillery.
 53520 | Vaults:5 | Bought 2 potions of agility for 176 gold pieces
 53520 | Vaults:5 | Bought 2 potions of curing for 132 gold pieces
 53520 | Vaults:5 | Bought a potion of heal wounds for 110 gold pieces
 53520 | Vaults:5 | Bought a potion of cure mutation for 550 gold pieces
 53520 | Vaults:5 | Lost mutation: Your flesh is heat resistant. [potion of cure mutation]
 53520 | Vaults:5 | Lost mutation: Armour fits poorly on your strangely shaped body. [potion of cure mutation]
 53520 | Vaults:5 | Lost mutation: Your spells are a little harder to cast, but a little more powerful. [potion of cure mutation]
 53521 | Vaults:5 | Bought a potion of cure mutation for 550 gold pieces
 53521 | Vaults:5 | Lost mutation: You regenerate slowly when monsters are visible. [potion of cure mutation]
 53521 | Vaults:5 | Lost mutation: You have an uncontrollable temper. [potion of cure mutation]
 53521 | Vaults:5 | Lost mutation: You often lose your temper in combat. [potion of cure mutation]
 53521 | Vaults:5 | Lost mutation: You possess an exceptional clarity of mind. [potion of cure mutation]
 53521 | Vaults:5 | Lost mutation: You tend to lose your temper in combat. [potion of cure mutation]
 53573 | Vaults:5 | Noticed an ancient lich
 53578 | Vaults:5 | Got a silver rune of Zot
 53589 | Vaults:5 | Killed an ancient lich
 54004 | Depths:1 | Entered Level 1 of the Depths
 54559 | Depths:1 | Found a gateway to Hell.
 54572 | Depths:1 | Received a gift from Trog
 55123 | Depths:2 | Paralysed by a giant eyeball for 4 turns
 55400 | Depths:1 | Reached XP level 24. HP: 80/164 MP: 28/28
 55880 | Depths:2 | Found a one-way gate leading to the halls of Pandemonium.
 56099 | Depths:2 | Slain by a white very ugly thing

Skill      XL: |  1  2  3  4  5  6  7  8  9 10 11 12 13 14 15 16 17 18 19 20 21 22 23 24 |
---------------+-------------------------------------------------------------------------+-----
Dodging        | 2 3 4 5 6 7 8 9 10 11 12 13 14 15 | 15.3
Armour         | 3 4 5 6 7 8 10 11 12 13 14 15 16 17 18 19 20 | 20.4
Fighting       | 4 5 7 8 9 10 11 12 13 14 15 16 17 18 19 20 | 20.6
Maces & Flails | 4 5 6 7 8 9 10 11 12 13 14 15 | 15.3
Shields        | 3 5 7 9 10 11 | 11.9
Axes           | 3 4 5 10 13 14 | 14.6
Long Blades    | 4 6 |  6.1
Slings         | 3 7 10 | 10.0
Evocations     | 7 8 |  8.1

Action                   |  1- 3 |  4- 6 |  7- 9 | 10-12 | 13-15 | 16-18 | 19-21 | 22-24 || total
-------------------------+-------+-------+-------+-------+-------+-------+-------+-------++-------
Melee: Mace              |   131 |   157 |       |       |  1446 |  1696 |   493 |       ||  3923
       Flail             |       |    52 |   521 |  1075 |       |       |       |       ||  1648
       Broad axe         |       |       |       |   184 |   189 |       |       |       ||   373
       Eudemon blade     |       |       |       |       |       |   107 |       |       ||   107
       Great mace        |       |       |       |       |       |   120 |       |       ||   120
       Dire flail        |       |       |       |       |       |   101 |       |       ||   101
       Demon whip        |       |       |       |       |       |    24 |       |       ||    24
       War axe           |       |       |       |       |       |       |  1206 |   327 ||  1533
       Eveningstar       |       |       |       |       |       |       |       |   877 ||   877
       Morningstar       |       |       |       |       |       |       |       |     4 ||     4
Invok: Berserk           |       |     2 |     3 |     2 |     5 |     6 |     5 |     2 ||    25
       Burn Spellbooks   |       |       |     1 |     4 |     4 |     5 |     3 |     2 ||    19
       Brothers in Arms  |       |       |       |       |       |     7 |     9 |     4 ||    20
       Trog's Hand       |       |       |       |       |       |     1 |       |       ||     1
 Abil: Fly               |       |       |       |       |     1 |     4 |       |     1 ||     6
       Stop Flying       |       |       |       |       |     1 |     4 |       |     1 ||     6
  Use: Scroll            |       |     4 |     6 |     5 |    21 |     8 |     8 |     7 ||    59
       Potion            |       |       |     3 |     2 |     4 |     2 |    20 |     3 ||    34
 Stab: Sleeping          |     1 |       |       |       |       |       |       |       ||     1
       Distracted        |       |       |       |       |       |       |     1 |     2 ||     3
  Eat: Chunk             |     1 |     6 |    12 |    27 |    50 |    46 |    34 |       ||   176
       Beef jerky        |       |     1 |       |     2 |     2 |     3 |       |       ||     8
       Pizza             |       |       |     1 |     2 |     1 |       |     1 |       ||     5
       Bread ration      |       |       |       |     1 |       |       |     1 |     1 ||     3
       Meat ration       |       |       |       |     1 |       |       |       |       ||     1
       Royal jelly       |       |       |       |       |       |     2 |     3 |     3 ||     8
       Fruit             |       |       |       |       |       |       |     4 |    12 ||    16
Armor: Animal skin       |    60 |       |       |       |       |       |       |       ||    60
       Ring mail         |       |    68 |       |       |       |       |       |       ||    68
       Chain mail        |       |    33 |   405 |   586 |    18 |   736 |   697 |   543 ||  3018
       Plate armour      |       |       |       |       |   771 |   703 |       |       ||  1474
Dodge: Dodged            |    79 |   110 |   233 |   442 |   876 |  1672 |  1111 |   723 ||  5246
Block: Shield            |       |       |    99 |   784 |  1258 |  1100 |  1149 |   729 ||  5119
